 Dungeon Crawl Stone Soup version 0.32-a0-975-g85d4e5bfdb (webtiles) character file.

Game seed: 3468015358803442801

346 funkygono the Firebug (level 6, -1/33 HPs)
             Began as a Gargoyle Fire Elementalist on Apr 18, 2024.
             Slain by an ufetubus (4 damage)
             ... summoned by a ynoxinul
             ... on level 1 of the Abyss.
             The game lasted 00:06:40 (4217 turns).

funkygono the Firebug (Gargoyle Fire Elementalist)  Turns: 4217, Time: 00:06:41

Health: -1/33      AC:  8    Str: 11    XL:     6   Next: 59%
Magic:  11/11      EV: 11    Int: 18    God:
Gold:   223        SH:  0    Dex: 10    Spells: 5/12 levels left

rFire   . . .        n - +0 whip (flame)
rCold   . . .        (no shield)
rNeg    + . .        a - +0 robe
rPois   ∞            r - +1 helmet
rElec   +            (no cloak)
rCorr   .            (no gloves)
SInv    .            (no boots)
Will    +....        (no amulet)
Stlth   ++           q - ring of willpower
HPRegen 0.25/turn    (no ring)
MPRegen 0.12/turn

%: no passive effects
@: no status effects
A: sickness immunity, AC +4, negative energy resistance 1, electricity
resistance, torment resistance 1, petrification resistance
a: no special abilities


You were on level 1 of the Abyss.
You visited 1 branch of the dungeon, and saw 4 of its levels.
You visited the Abyss 1 time.

You collected 223 gold pieces.

Inventory:

Hand Weapons
 m - a +0 whip
 n - a +0 whip of flaming (weapon)
 s - a +0 dagger
Armour
 a - a +0 robe (worn)
 r - a +1 helmet (worn)
Jewellery
 i - an amulet of faith
 q - a ring of willpower (left hand)
Scrolls
 h - 3 scrolls of identify
Potions
 b - 2 potions of magic
 c - a potion of haste
 d - a potion of degeneration {unknown}
 e - a potion of ambrosia {unknown}
 g - 2 potions of enlightenment
 j - 2 potions of heal wounds {unknown}
 l - a potion of cancellation {unknown}
 p - a potion of attraction {unknown}
 t - a potion of brilliance {unknown}


   Skills:
 + Level 0.3 Fighting
 + Level 1.4 Maces & Flails
 + Level 1.9 Dodging
 + Level 3.4 Stealth
 + Level 3.6 Spellcasting
 + Level 2.3 Conjurations
 + Level 4.9 Fire Magic


You had 5 spell levels left.
You knew the following spells:

 Your Spells              Type           Power      Damage    Failure   Level
a - Foxfire               Conj/Fire      64%        2x1d7     3%          1
b - Scorch                Fire           42%        2d6       3%          2
c - Flame Wave            Conj/Fire      16%        2d7       34%         4

Your spell library contained the following spells:

 Spells                   Type           Power      Damage    Failure   Level
 Sting                    Conj/Alch      28%        1d4       10%         1
 Apportation              Tloc           6%         N/A       16%         1
 Necrotise                Necr           12%        1d4       16%         1
 Summon Small Mammal      Summ           12%        N/A       16%         1
 Inner Flame              Hex/Fire       12%        N/A       17%         3
 Volatile Blastmotes      Fire/Tloc      24%        2d12      17%         3
 Ensorcelled Hibernation  Hex/Ice        6%         N/A       24%         2
 Fugue of the Fallen      Necr           3%         N/A       43%         3
 Passwall                 Erth           3%         N/A       43%         3
 Swiftness                Air            3%         N/A       43%         3
 Anguish                  Hex/Necr       1%         N/A       83%         4


Dungeon Overview and Level Annotations

Branches:
Dungeon (4/15)
 Temple: D:4-7

Altars:
Qazlal


Innate Abilities, Weirdness & Mutations

You are immune to sickness and miasma.
Your stone body is resilient. (AC +4)
You are immune to poison.
You resist negative energy. (rN+)
You are resistant to electric shocks. (rElec)
You are resistant to unholy torment.
You are immune to petrification.


Message History

The ufetubus attacks as it pursues you! The ufetubus hits you. x2
The ufetubus barely misses you. The ufetubus hits you.
As you read the scroll of fog, it dissolves into smoke.
The ufetubus hits you but does no damage.
The ufetubus misses you.
The ynoxinul gestures.
The ufetubus hits you but does no damage.
The ufetubus barely misses you. The ufetubus attacks as it pursues you!
The ufetubus hits you but does no damage.
The ufetubus hits you. The ufetubus slips past you!
The ufetubus barely misses you.
The ufetubus hits you but does no damage.
The ufetubus barely misses you.
The ufetubus hits you but does no damage.
The ufetubus hits you but does no damage.
The ufetubus hits you.
* * * LOW HITPOINT WARNING * * *
The ufetubus attacks as it pursues you! The ufetubus closely misses you.
The ufetubus barely misses you.
The ufetubus hits you but does no damage.
The ufetubus misses you. The ufetubus barely misses you. x2
The ufetubus hits you.
* * * LOW HITPOINT WARNING * * *
The ufetubus barely misses you.
Unknown command.
The ufetubus attacks as it pursues you!
The ufetubus hits you but does no damage. x2
The ufetubus slips past you!
The ufetubus hits you but does no damage.
The ufetubus closely misses you.
The ufetubus hits you but does no damage. x2
The ufetubus closely misses you. The ufetubus hits you.
* * * LOW HITPOINT WARNING * * *
The ufetubus hits you but does no damage. x2
The ufetubus hits you but does no damage. x2
The ufetubus slips past you! The ufetubus hits you.
* * * LOW HITPOINT WARNING * * *
The ufetubus hits you.
You die...

.....#....§#... .#.....
.......§§§§.§§........
. .....§.§§§§§§§...5. .
## .........§§5§§.3...
.#
#.....#..53§#.5...#..
##...###.§§###5..### #
#.....#5.§§§#.....# .#
.......5..§§......∩..5
.......@...............
......5...............
.
#.....#.....#.....#...
##...###...###.. #....
.....# .. .... .......
... ........ ...
.......


You could see a ynoxinul and 4 ufetubi.

Vanquished Creatures
  A sky beast (Abyss:1)
  A hound (D:4)
  An orc priest (D:3)
  Natasha (D:3)
  Robin (D:3)
  2 gnolls
  5 adders
  2 dart slugs
  2 ribbon worms (D:2)
  5 orcs (D:3)
  9 ball pythons
  4 bats
  12 endoplasms
  3 giant cockroaches
  12 goblins
  6 hobgoblins
  11 kobolds
  4 rats
82 creatures vanquished.

Vanquished Creatures (collateral kills)
  3 foxfires (D:1)
3 creatures vanquished.

Vanquished Creatures (others)
  193 foxfires
193 creatures vanquished.

Grand Total: 278 creatures vanquished

Notes
Turn   | Place    | Note
-------+----------+-------------------------------------------
     0 | D:1      | funkygono the Gargoyle Fire Elementalist began the quest
                  | for the Orb.
     0 | D:1      | Reached XP level 1. HP: 10/10 MP: 3/3
   203 | D:1      | Reached XP level 2. HP: 15/15 MP: 3/5
   206 | D:1      | Learned a level 2 spell: Scorch
   648 | D:1      | Reached XP level 3. HP: 19/19 MP: 1/6
  1443 | D:2      | Reached XP level 4. HP: 23/24 MP: 3/8
  1513 | D:2      | Learned a level 4 spell: Flame Wave
  1582 | D:2      | Reached skill level 4 in Fire Magic
  1763 | D:2      | Found a stormy altar of Qazlal.
  2531 | D:3      | Reached XP level 5. HP: 15/28 MP: 5/9
  2695 | D:3      | Noticed Natasha
  2701 | D:3      | Killed Natasha
  3036 | D:3      | Noticed Robin
  3041 | D:3      | Killed Robin
  3042 | D:3      | Reached skill level 1 in Maces & Flails
  4022 | D:4      | Reached XP level 6. HP: 27/32 MP: 4/10
  4119 | Abyss:1  | Cast into level 1 of the Abyss (gnoll)
  4142 | Abyss:1  | Noticed a small abomination
  4169 | Abyss:1  | Noticed a sky beast
  4192 | Abyss:1  | Killed a sky beast
  4200 | Abyss:1  | Noticed a ynoxinul
  4217 | Abyss:1  | Slain by an ufetubus

Illustrated notes

Levels and vault maps discovered:
D:1:      mainiacjoe_arrival_reflecting_pool, layout_loops_ring, serial_bayou,
          serial_bayou_shore_b, serial_bayou_shore_b, serial_bayou_pond_b,
          serial_bayou_lagoon_a, lemuel_flame_loot_1
D:2:      layout_basic, basic_altar
D:3:      layout_loops_ring, uniq_natasha, uniq_robin
D:4:      layout_loops_corners, hangedman_decor_lopped,
          chequers_serial_rivers_marsh, nrook_loot_triangle, hex_medium,
          ebering_dispersal_statue_hall
Abyss:1:  base: D:2, hangedman_relentless_pull

Skill      XL: |  1  2  3  4  5 |
---------------+----------------+-----
Fire Magic     | 4 |  4.9
Spellcasting   | 3 |  3.6
Conjurations   | 2 |  2.3
Maces & Flails | 1 |  1.4
Stealth        | 3 |  3.4
Fighting       | |  0.3
Dodging        | |  1.9

Action                     |  1- 3 |  4- 6 || total
---------------------------+-------+-------++-------
  Melee: Club              |    20 |     5 ||    25
         Whip              |       |    39 ||    39
   Cast: Foxfire           |    49 |    71 ||   120
         Scorch            |     1 |    12 ||    13
    Use: Scroll            |       |     7 ||     7
   Stab: Sleeping          |       |     1 ||     1
 Armour: Robe              |    14 |    54 ||    68
  Dodge: Dodged            |    19 |    35 ||    54

Table legend: (Time is in decaauts)
 A = Elapsed time spent in this place.
 B = Non-inter-level travel time spent in this place.
 C = Inter-level travel time spent in this place.
 D = Time resting spent in this place.
 E = Time spent auto-exploring this place.
 F = Levels seen in this place.
 G = Mean time per level.
                   A        B        C        D        E       F      G
               +--------+--------+--------+--------+--------+-----+--------+
         Total |   4241 |   4196 |     45 |    107 |   3378 |   5 |  848.2 |
       Dungeon |   4142 |   4097 |     45 |    107 |   3355 |   4 | 1035.5 |
         Abyss |     98 |     98 |      0 |      0 |     23 |   1 |   98.0 |
               +--------+--------+--------+--------+--------+-----+--------+

Top non-repeatable levels by time:
     D:3: 1304 daAuts
     D:1: 1258 daAuts
     D:2: 1138 daAuts
     D:4: 441 daAuts
 Abyss:1: 98 daAuts
